Cogmind - Beta 15 @@@ ROGUE MODE // 2025.07.23 @ 21:10:27 Player: P9H Result: Destroyed by G-47 Trooper with Particle Gun Performance ------------- Evolutions (0) 0 Regions Visited (1) 200 Robots Destroyed (11) 55 Value Destroyed (221) 221 Prototype IDs (0) 0 Alien Tech Used (0) 0 Bonus (0) 0 TOTAL SCORE: 476 Bonus ------- None Cogmind --------- Core Integrity 0/250 Matter 300/300 Energy 125/125 System Corruption 0% Temperature Cool (9) Movement Rolling (100) Location -10/Materials Parts ------- > --- POWER (1) -------- Light Ion Engine > --- PROPULSION (2) --- Light Treads Compact Wheel > --- UTILITY (2) ------ Small Storage Unit Hacking Suite > --- WEAPON (2) ------- Mining Claw Mining Claw > --- INVENTORY (8) ---- Light Ion Engine Power Shielding Propulsion Shielding Weapon Shielding Assault Rifle Light Assault Rifle Light Cannon Mining Claw Peak State ------------ > --- POWER ------------ Light Ion Engine > --- PROPULSION ------- Wheel Compact Wheel > --- UTILITY ---------- Small Storage Unit Hacking Suite > --- WEAPON ----------- Assault Rifle Light Assault Rifle > --- INVENTORY -------- Light Ion Engine Light Treads Light Treads Small Laser Mining Claw Mining Claw [Rating: 9] Favorites ----------- Power Light Ion Engine Engine Light Ion Engine Propulsion Compact Wheel Treads Light Treads Wheel Compact Wheel Utility Small Storage Unit Storage Small Storage Unit Hackware Hacking Suite Weapon Mining Claw Ballistic Gun Light Assault Rifle Slashing Weapon Mining Claw Build | -11 -10 ------- Run | Yrd Mat Slots Evolved . | . . Power . | . . Propulsion . | . . Utility . | . . Weapon . | . . Parts Attached 13 | 6 7 Power 2 | 1 1 Engine 2 | 1 1 Core . | . . Reactor . | . . Propulsion 4 | 2 2 Treads 1 | . 1 Leg . | . . Wheel 3 | 2 1 Hover . | . . Flight . | . . Utility 2 | 1 1 Device . | . . Storage 1 | 1 . Processor . | . . Hackware 1 | . 1 Protection . | . . Artifact . | . . Weapon 5 | 2 3 Energy Gun . | . . Energy Cannon . | . . Ballistic Gun 2 | 2 . Ballistic Cannon . | . . Launcher . | . . Special Weapon . | . . Impact Weapon . | . . Slashing Weapon 3 | . 3 Piercing Weapon . | . . Special Melee Weapon . | . . Unidentified Prototypes . | . . Parts Lost 4 | . 4 Power 1 | . 1 Propulsion 2 | . 2 Utility . | . . Weapon 1 | . 1 Highest Loss Streak 4 | . 4 To Critical Strikes . | . . Average Backups 7 | 2 7 Power . | . . Propulsion . | . . Utility 2 | . 2 Weapon 3 | 1 3 Tool/Special . | . . Unused Backups 11 | . 11 Power 1 | . 1 Propulsion 2 | . 2 Utility 3 | . 3 Weapon 5 | . 5 Tool/Special . | . . Average Slot Usage (%) 93 | . 93 Engine 13 | . 13 Treads 6 | . 6 Wheel 17 | . 17 Storage 14 | . 14 Hackware 12 | . 12 Ballistic Gun 6 | . 6 Slashing Weapon 21 | . 21 Peak Build Rating 9 | 6 9 Average Rating 8 | 3 8 On Entrance 3 | . 6 Naked Turns . | . . Heaviest Build 12 | 11 12 Greatest Support 26 | 26 26 Greatest Overweight (x) 3 | . 3 Average Overweight (x) . | . . Largest Inventory Capacity 8 | 8 8 Average Capacity 7 | 7 8 Most Carried 8 | 6 8 Average Carried 7 | 3 7 Final Capacity 8 | 8 8 Final Carried 8 | 4 8 Class Distribution -------------------- 100% | Mutant Dominant Class ---------------- Mutant | -10/Materials Resources | -11 -10 ----------- Run | Yrd Mat Matter Collected 349 | 225 124 Remotely . | . . Salvage Created 399 | . 399 Parts 23 | . 23 Haulers Intercepted . | . . Recyclers Shooed . | . . Parts Field Recycled . | . . Retrieved Matter . | . . Parts Self-Destructed . | . . Prevented . | . . Kills | -11 -10 ------- Run | Yrd Mat Combat Hostiles Destroyed 7 | . 7 Melee 5 | . 5 Guns 2 | . 2 Classes Destroyed 5 | . 5 Worker 1 | . 1 Recycler 2 | . 2 Operator 1 | . 1 Swarmer 3 | . 3 Grunt 4 | . 4 Best Kill Streak 3 | . 3 Combat Bots Only 2 | . 2 Max Kills in Single Turn 1 | . 1 Gunslinging . | . . Exploded . | . . Melee 1 | . 1 Uniques/NPCs Destroyed . | . . Combat | -11 -10 -------- Run | Yrd Mat Hostile Shots Fired 70 | . 70 Missed 16 | . 16 Hits 54 | . 54 Projectile 54 | . 54 Critical Strikes 1 | . 1 Damage Taken 549 | . 549 Core 252 | . 252 Absorbed by Shields . | . . Core Remaining (%) 100 | 100 . Volleys Fired 8 | . 8 Largest 2 | . 2 Hottest 40 | . 40 Shots Fired 10 | . 10 Gun 10 | . 10 Cannon . | . . Launcher . | . . Special . | . . Kinetic 10 | . 10 Thermal . | . . Explosive . | . . Electromagnetic . | . . Robot Hit Streak 4 | . 4 Robot Miss Streak 2 | . 2 Penetration Max . | . . Secondary Targets . | . . Shots Hit Robots 28 | . 28 Core Hits 14 | . 14 Critical Kills . | . . Critical Parts Destroyed . | . . Critical Strikes . | . . Melee Attacks 37 | . 37 Impact . | . . Slashing 37 | . 37 Piercing . | . . Sneak Attacks 5 | . 5 Combat Hostiles . | . . Follow-up Attacks 6 | . 6 Damage Inflicted 682 | . 682 Guns 52 | . 52 Cannons . | . . Explosions . | . . Melee 630 | . 630 Ramming . | . . Kinetic 52 | . 52 Thermal . | . . Explosive . | . . Electromagnetic . | . . Impact . | . . Slashing 630 | . 630 Piercing . | . . Highest Corruption . | . . Average Corruption . | . . Corruption Purged . | . . Corruption Blocked . | . . Overload Shots . | . . Overflow Damage 25 | . 25 Projectiles . | . . Explosions . | . . Melee 25 | . 25 Knockbacks . | . . Impact . | . . Kinetic . | . . Secondary . | . . Self-Inflicted Damage . | . . Shots . | . . Rammed . | . . Targets Rammed . | . . Kicked . | . . Crushed . | . . Highest Temperature 8 | . 8 Average Temperature 8 | . 8 Received Heat Transfer 207 | . 207 Siege Activations . | . . Martial Activations . | . . Shielding Activations . | . . Robots Disrupted . | . . Combat Hostiles . | . . Robots Corrupted . | . . Combat Hostiles . | . . Parts Fried . | . . Impact Corruptions . | . . Robots Melted . | . . Combat Hostiles . | . . Parts Melted . | . . Heat Transferred . | . . Parts Sabotaged . | . . Parts Stolen . | . . Parts Stripped . | . . Power Chain Reactions . | . . Alert | -11 -10 ------- Run | Yrd Mat Maximum Alert Level . | . . Low Security (%) 100 | 100 100 Level 1 . | . . Level 2 . | . . Level 3 . | . . Level 4 . | . . Level 5 . | . . High Security . | . . Max Security . | . . Peak Influence 50 | . 50 Initial . | . . Average 8 | . 9 Influence Increases 196 | . 196 Destroy 0b10 Robot/C 140 | . 140 Destroy 0b10 Robot/NC 20 | . 20 Destroy Leader 30 | . 30 Successful Hack 6 | . 6 Influence Decreases 165 | . 165 Time Decay 125 | . 125 Lost Part 40 | . 40 Squads Dispatched . | . . Investigation . | . . Extermination . | . . Reinforcement . | . . Assault . | . . Garrison . | . . Intercept . | . . Searches Triggered . | . . Construction Impeded . | . . Haulers Reinforced . | . . Active Scanning Responses . | . . Cargo Convoy Interrupts . | . . Stealth | -11 -10 --------- Run | Yrd Mat Distress Signals 1 | . 1 Communications Jammed . | . . Distress Signals . | . . Times Spotted 14 | . 14 Peak Tracking Total 4 | . 4 Tactical Retreats . | . . Traps | -11 -10 ------- Run | Yrd Mat Traps Triggered . | . . Indirectly . | . . Trap Hack Attempts . | . . Triggered . | . . Disarmed . | . . Reprogrammed . | . . Reused . | . . Traps Extracted . | . . Installed . | . . Triggered . | . . Machines | -11 -10 ---------- Run | Yrd Mat Machines Disabled . | . . Max in Single Turn . | . . Machines Repaired . | . . Machines Dismantled . | . . Machines Sabotaged . | . . Overloaded Fab Kills . | . . Hacking | -11 -10 --------- Run | Yrd Mat Machines Accessed 1 | . 1 Terminals 1 | . 1 Fabricators . | . . Repair Stations . | . . Recycling Units . | . . Scanalyzers . | . . Garrison Access . | . . Total Hacks 1 | . 1 Successful 1 | . 1 Failed . | . . Catastrophic . | . . Database Lockouts . | . . Manual . | . . Terminals 1 | . 1 Fabricators . | . . Repair Stations . | . . Recycling Units . | . . Scanalyzers . | . . Garrison Access . | . . Terminal Hacks 1 | . 1 Branch Access Points 1 | . 1 Fabricator Hacks . | . . Repair Station Hacks . | . . Recycling Unit Hacks . | . . Scanalyzer . | . . Garrison Access Hacks . | . . Unauthorized Hacks . | . . Terminals . | . . Fabricators . | . . Repair Stations . | . . Recycling Units . | . . Scanalyzers . | . . Garrison Access . | . . Data Cores Recovered 1 | . 1 Used . | . . Hacking Detections 1 | . 1 Full Trace Events . | . . Feedback Events . | . . Feedback Blocked . | . . Robot Schematics Acquired . | . . Robots Built . | . . Authchips . | . . Time . | . . Total Robot Build Rating . | . . Part Schematics Acquired . | . . Parts Built . | . . Authchips . | . . Time . | . . Total Part Build Rating . | . . Parts Repaired . | . . Time . | . . Parts Recycled . | . . Recycled Matter . | . . Retrieved Matter . | . . Retrieved Components . | . . Parts Scanalyzed . | . . Part Schematics Acquired . | . . Parts Damaged . | . . Bothacking | -11 -10 ------------ Run | Yrd Mat Used RIF Installer . | . . Robots Hacked . | . . Non-combat . | . . Combat . | . . Robot Hacks Applied . | . . Relay Couplers Released . | . . Fabnet Peak Effective % . | . . Robots Rewired . | . . Allies Hacked . | . . Hacks Repelled . | . . Allies | -11 -10 -------- Run | Yrd Mat Total Allies . | . . Largest Group . | . . Highest-Rated Group . | . . Highest-Rated Ally . | . . Total Orders . | . . Ally Attacks . | . . Total Damage . | . . Kills . | . . Allies Corrupted . | . . Allies Melted . | . . Intel | -11 -10 ------- Run | Yrd Mat Active Infowar (turns) . | . . Robot Analysis Total . | . . Derelict Logs Recovered . | . . Drone Launches . | . . Drone Recoveries . | . . Exploration | -11 -10 ------------- Run | Yrd Mat Turns Passed 800 | 46 754 Spaces Moved 572 | 37 535 Core 30 | 7 23 Treads 58 | . 58 Legs . | . . Wheels 484 | 30 454 Hover . | . . Flight . | . . Fastest Speed 50 | 50 90 Average Speed 104 | 82 105 Slowest Speed 200 | 90 200 Overloaded Moves . | . . Propulsion Burnouts . | . . Robots Hopped . | . . Potential Cave-ins . | . . Cave-ins Triggered . | . . Exploration Rate (%) 35 | 3 67 Regions Visited 1 Branch Regions . Pre-discovered Areas . | . . Known Exits Taken . | . . Unknown Exits Taken 1 | 1 . Scrap Searched . | . . Spaces Dug . | . . Terrain Destroyed . | . . Melee . | . . Projectile . | . . AOE . | . . Terrain Rammed . | . . Walls Destroyed . | . . Machines Disabled . | . . Actions | -11 -10 --------- Run | Yrd Mat Total 705 | 52 653 Wait 55 | . 55 Move 571 | 36 535 Hop . | . . Pick Up 22 | 10 12 Fast Attach 2 | . 2 Attach 9 | 6 3 Detach . | . . Swap 3 | . 3 Drop 5 | . 5 Fire 8 | . 8 Melee 30 | . 30 Ram . | . . Kick . | . . Crush . | . . Escape Stasis . | . . Rewire . | . . Trap . | . . Miscellaneous . | . . Route ------- -11/Scrapyard -10/Materials (discovered 2 exits: [*Mat] / *Min) History --------- Turn | Location | Event 19 | -11/Scrapyard | Discovered new exit (range 16) 47 | -11/Scrapyard | Entered Materials 147 | -10/Materials | Discovered new exit (range 13) 300 | -10/Materials | Build established: Mutant 380 | -10/Materials | Core integrity fell below 50% 408 | -10/Materials | Core integrity fell below 20% 430 | -10/Materials | Lost 4 parts (1p2n1w) 580 | -10/Materials | Discovered new exit (range 9) 616 | -10/Materials | Identified exit to Mines 801 | -10/Materials | Destroyed by G-47 Trooper with Particle Gun Last Messages --------------- 00685_ K-01 Serf cleans the Machine. 00704_ W-16 Scout sends out distress signal. 00729_ G-34 Mercenary destroyed. 00730_ K-01 Serf collects debris. 00733_ Critical hit (Burn: +37). 00737_ K-01 Serf collects debris. 00745_ Mining Claw follow-up attack on G-47 Trooper. 00745_ G-47 Trooper destroyed. 00747_ K-01 Serf collects debris. 00750_ Sneak attack on K-01 Serf. 00750_ Destroyed Wheel. 00750_ Sneak attack on K-01 Serf. 00750_ Mining Claw follow-up attack on K-01 Serf. 00750_ K-01 Serf destroyed. 00756_ K-01 Serf cleans the Nuclear Reactor. 00766_ Dropped Grenade Launcher. 00767_ Acquired Lgt. Cannon. Map ----- +----------------------------------------------------+ | ??????????????#####+#####??############## #T### | | ??????????????# #????????# + | | ??????????????# #????????# """# | | ??????????????# #????????# """# | | ??????????????# #????????# """######+## | | ??????????????# #?????#+## """## ## | | ??????????????# #?????# ## ## """ ## | | ??????????????# = #?????# ########## """ ## | | ??????????????# =%%[ #?????# ########## """ ## | | ??????????????#######+######### ## # + | | ?????????????????# =*! ## """ ######### | | ?????????????????# * ]## "Y" = #??????? | | ?????????????????# ^ ^ # " " #????? | | ?????????????????+ + #????# "" | | ?????????????????# """ # #????# "" | | ?????????????????# """ # #????# "" | | ?????????????????# """ ^*| #########????# "" | | ?????????????????#^ *| #???????????#??" | | ?????????????????# || #??????????????? | | ?????????????????# "T" #??????????????? | | ?????????????????# ! #??????????????? | | ?????????????##### #??????????????? | | ?????????? #### #??????????????? | | ?????????? #??# #??????????????? | | ????????????#########+####+#### #??????????????? | | ???????????# g g@ # ?????????????? | | ???????????# # ????????????? | | ???????????# """ """ # ???????????? | | ????????????????"""" """"" / + ?????????? | | ????????????????"""" """"" #########??????????? | | ?????????????????""" """"" #??????????????????? | | ????????????????????? """ #??????????????????? | | ???????????????????????? #??????????????????? | | ????????????????????????#######??????????????????? | | | | | | | | | | | | | | | | | | | | | | | | | | | | | | | | | +----------------------------------------------------+ Best States ------------- Heat Dissipation 25 Energy Generation 10 Energy Capacity 125 Matter Stores 300 Matter Capacity 300 Sight Range 16 Terrain Scan Density 10 Evasion (%) 42 Recoil Reduction 1 Offensive Hacking 10 Item Schematics ----------------- None Robot Schematics ------------------ None Fabricated ------------ Nothing Repaired ---------- Nothing Alien Tech Used ----------------- None Achievements -------------- None Challenges ------------ None Game ------ Seed BiocellRecoilDrillbomb Manual? 0 Play Time 00:08:01 Cumulative 42.9 hours Start 2025.07.23 @ 21:01:38 End 2025.07.23 @ 21:10:27 Sessions 1 Manual Loads 0 Difficulty Rogue Special Mode None Game No. 86 Rogue 86 Adventurer 0 Explorer 0 Win Type - Total 0 Types 0/0/0/0/0/0/0/0/0/0 Lore% 8 Gallery% 28 Achievement% 24 Wizard Run 0 Options --------- Layout 1 ASCII 0 Keyboard 0 Movement Mouse Keybinds 0 Fullscreen 2 Font 32/SmallcapsGlow Map View 50x35 Zoom Use 1% Tactical HUD 1 Map Filters NONE Filters NONE Steam 1 RUN: 1445c2f3-87f4-4b87-9d64-9ffe37b36a42